AoeStats
← ITA | Raffy

African Clearing

504843702Analyzed
4v4 RM · 26d ago on Sep 6, 2026· 57m 1s· 8 players
Game mode
Random Map
Map size
Large (8 player)
Population
200
Speed
Normal
Resources
Standard
Victory
Conquest
Starting age
Dark Age
Ending age
Imperial Age
RankedLock teamsTeams togetherTeam positionsShared explorationLock speedFull tech treeHidden civsTurbo modeCheats
Victory
Defeat
🇮🇹 Hindustanis · Italy
1577
+9
🇮🇹 Vietnamese · Italy
1415
+16
1399
+16
🇮🇹 Berbers · Italy
1224
+23
🇨🇭 Poles · Switzerland
1455
-18
🇹🇷 Spanish · Türkiye
1419
-17
🇹🇷 Persians · Türkiye
1413
-16
🇦🇷 Khmer · Argentina
1328
-13
Ramci
14:14 Feudal Age
15:15 Loom
18:50 Castle Age
16:50 Double-Bit Axe
20:58 Fletching
23:15 Horse Collar
32:57 Wheelbarrow
35:10 Bow Saw
36:11 Scale Barding Armor
36:08 Husbandry
36:19 Bloodlines
36:20 Forging
36:07 Pikeman
37:31 Gold Mining
37:32 Stone Mining
40:56 Imperial Age
39:23 Squires
39:08 Gambesons
39:41 Scale Mail Armor
40:49 Iron Casting
42:03 Halberdier
45:07 Hand Cart
45:05 Town Watch
47:35 Chain Mail Armor
46:43 Elite Skirmisher
49:35 Blast Furnace
49:05 Ballistics
50:03 Kamandaran
49:27 Crossbowman
50:20 Heavy Camel Rider
52:29 Bodkin Arrow
53:36 Chemistry
56:22 Padded Archer Armor
Zlap
4:05 Loom
13:32 Feudal Age
17:49 Castle Age
15:52 Horse Collar
17:01 Bloodlines
16:48 Double-Bit Axe
17:56 Light Cavalry
18:43 Scale Barding Armor
19:00 Heavy Plow
23:32 Town Watch
25:23 Squires
26:30 Fletching
27:16 Wheelbarrow
30:10 Bodkin Arrow
31:22 Hand Cart
33:48 Pikeman
34:29 Scale Mail Armor
34:40 Forging
38:43 Imperial Age
36:32 Scale Barding Armor
36:56 Bow Saw
38:04 Szlachta Privileges
38:00 Husbandry
38:37 Iron Casting
38:10 Gold Mining
38:10 Stone Mining
39:44 Chain Barding Armor
39:19 Winged Hussar
40:21 Conscription
40:51 Chain Mail Armor
41:37 Blast Furnace
41:25 Crop Rotation
41:42 Padded Archer Armor
41:43 Bracer
42:05 Ballistics
41:25 Treadmill Crane
41:41 Murder Holes
43:12 Siege Engineers
44:08 Chemistry
43:19 Masonry
43:52 Elite Skirmisher
44:49 Leather Archer Armor
45:54 Thumb Ring
46:35 Lechitic Legacy
Sir Monkey
9:07 Loom
12:35 Feudal Age
16:50 Scale Barding Armor
16:56 Forging
16:59 Bloodlines
23:08 Horse Collar
26:38 Castle Age
24:39 Double-Bit Axe
27:44 Chain Barding Armor
32:09 Light Cavalry
36:19 Husbandry
44:47 Heavy Plow
49:02 Iron Casting
livulove
12:53 Feudal Age
17:00 Castle Age
15:37 Double-Bit Axe
15:45 Horse Collar
19:05 Bow Saw
27:22 Padded Archer Armor
29:49 Loom
31:04 Leather Archer Armor
31:56 Wheelbarrow
32:19 Husbandry
35:34 Bloodlines
38:37 Imperial Age
36:04 Town Watch
37:28 Fletching
38:23 Bodkin Arrow
38:52 Ballistics
39:22 Bracer
41:18 Ring Archer Armor
43:53 Conscription
46:59 Coinage
49:03 Banking
49:43 Elite Conquistador
50:45 Supremacy
51:56 Chemistry
50:36 Sappers
51:42 Hoardings
53:17 Hand Cart
55:18 Masonry
ITA | Frades89
9:00 Loom
11:55 Feudal Age
12:38 Double-Bit Axe
19:35 Castle Age
18:09 Fletching
19:58 Padded Archer Armor
20:23 Bodkin Arrow
20:45 Bloodlines
20:37 Husbandry
29:47 Ballistics
32:58 Thumb Ring
33:43 Leather Archer Armor
39:17 Wheelbarrow
38:27 Town Watch
40:52 Horse Collar
47:44 Imperial Age
49:35 Chemistry
47:59 Heavy Cavalry Archer
48:54 Bracer
50:07 Bow Saw
50:40 Ring Archer Armor
52:53 Elite Battle Elephant
54:05 Scale Barding Armor
54:10 Forging
55:25 Chain Barding Armor
58:15 Plate Barding Armor
ITA | CivettaAviotrasportata
3:24 Loom
14:11 Feudal Age
15:23 Double-Bit Axe
18:41 Castle Age
23:08 Fletching
28:28 Bodkin Arrow
32:47 Town Watch
35:02 Wheelbarrow
38:36 Padded Archer Armor
43:39 Ballistics
44:03 Leather Archer Armor
47:38 Bow Saw
50:45 Horse Collar
50:55 Gold Mining
53:18 Hand Cart
53:39 Heavy Plow
56:34 Gold Shaft Mining
55:50 Stone Mining
ITA | GiaggiaZena
5:44 Loom
11:40 Feudal Age
13:39 Double-Bit Axe
22:36 Castle Age
27:53 Bow Saw
29:31 Wheelbarrow
29:19 Scale Barding Armor
31:47 Husbandry
32:50 Bloodlines
35:56 Hand Cart
38:42 Imperial Age
36:06 Stone Mining
36:08 Gold Mining
37:02 Scale Mail Armor
37:35 Forging
37:49 Chain Barding Armor
38:00 Chain Barding Armor
38:22 Masonry
39:37 Iron Casting
40:37 Plate Barding Armor
40:47 Heavy Camel Rider
41:43 Fletching
43:32 Scale Mail Armor
44:39 Elite Ghulam
46:09 Chain Mail Armor
46:59 Blast Furnace
47:17 Conscription
46:44 Light Cavalry
53:48 Siege Elephant
ITA | Raffy
2:50 Loom
14:06 Feudal Age
17:56 Castle Age
15:56 Double-Bit Axe
16:07 Horse Collar
18:14 Fletching
18:46 Bow Saw
23:44 Bodkin Arrow
24:53 Heavy Plow
25:25 Gold Mining
25:36 Stone Mining
26:55 Wheelbarrow
27:45 Ballistics
29:55 Husbandry
30:05 Bloodlines
32:19 Stone Shaft Mining
34:40 Imperial Age
34:02 Padded Archer Armor
36:13 Elite Camel Archer
37:13 Conscription
36:58 Maghrebi Camels
37:42 Bracer
38:51 Crop Rotation
39:22 Leather Archer Armor
40:49 Chemistry
41:28 Hand Cart
43:00 Ring Archer Armor
42:54 Thumb Ring
44:06 Scale Barding Armor
44:11 Forging
44:14 Masonry
43:45 Treadmill Crane
Connection lost

Rejoining the realm…

Still unreachable

The connection could not be restored.

Session expired

The server has moved on; the page needs a fresh start.